 Dungeon Sprint DCSS version 0.28.0-43-g3370ac3207 (webtiles) character file.

Game seed: 8040142805907206628

5196 boopmooplesden the Fencer (level 10, 0/160 HPs)
             Began as a Minotaur Berserker on Mar 31, 2022.
             Was the Champion of Trog.
             Slain by Sonja
             ... wielding a +2 dagger of distortion
              (15 damage)
             ... in the Dungeon (Sprint I: "Red Sonja").
             The game lasted 00:03:39 (2799 turns).

boopmooplesden the Fencer (Minotaur Berserker)      Turns: 2799, Time: 00:03:40

Health: 0/160      AC: 16    Str: 23    XL:     10   Next: 34%
Magic:  9/9        EV: 12    Int:  4    God:    Trog [******]
Gold:   757        SH:  0    Dex: 13    Spells: 9/9 levels left

rFire   . . .      SeeInvis +   c - +4 lajatang (flame)
rCold   . . .      Faith    .   (shield currently unavailable)
rNeg    . . .      Spirit   .   u - +3 chain mail {Will+}
rPois   .          Reflect  .   (helmet restricted)
rElec   .          Harm     .   (no cloak)
rCorr   .          Rampage  .   (no gloves)
Will    +....      NoTele   +   (no boots)
Stlth   ..........              (no amulet)
HPRegen 0.36/turn               d - ring of see invisible
MPRegen 0.11/turn               (no ring)

@: berserking, lethally poisoned (0 -> -1), slowed
A: horns 2, retaliatory headbutt
a: Renounce Religion, Berserk, Trog's Hand, Brothers in Arms


You were in the Dungeon.
You worshipped Trog.
Trog was exalted by your worship.
You visited 1 branch You collected 757 gold pieces.

Inventory:

Hand Weapons
 a - a +0 falchion
 c - a +4 lajatang of flaming (weapon)
 p - a +2 great sword of flaming
Armour
 b - a +0 animal skin
 j - a +0 chain mail
 u - a +3 chain mail of willpower (worn)
 v - a +3 chain mail of cold resistance
Jewellery
 d - a ring of see invisible (left hand)
 q - a +6 ring of strength
Wands
 i - a wand of acid (6)
 k - a wand of flame (14)
 r - a wand of mindburst (1)
Scrolls
 h - a scroll of blinking
 m - a scroll of fog {unknown}
Potions
 e - a potion of haste
 f - 2 potions of magic
 g - a potion of berserk rage
 l - a potion of flight {unknown}
 n - a potion of heal wounds
 o - 2 potions of invisibility {unknown}
 s - a potion of experience {unknown}
 t - 2 potions of curing


   Skills:
 + Level 15.9 Fighting
 + Level 17.8 Long Blades
 + Level 1.8 Staves
 + Level 15.4 Armour
 + Level 8.2 Dodging
 + Level 1.2 Stealth


You had 9 spell levels left.
You didn't know any spells.
Your spell library was empty.

Dungeon Overview and Level Annotations

Branches:
Dungeon (1/1)

Altars:
Cheibriados
Dithmenos
Elyvilon
Fedhas
Gozag
Hepliaklqana
Kikubaaqudgha
Makhleb
Nemelex Xobeh
Okawaru
Qazlal
Ru
Sif Muna
Trog
Uskayaw
Vehumet
Wu Jian
Xom
Yredelemnul
Zin
The Shining One
Jiyva
Lugonu

Shops:
D !*[*[!?=*[[[?![[

Annotations:
D Sonja


Innate Abilities, Weirdness & Mutations

You have a pair of horns on your head.
You reflexively headbutt those who attack you in melee.


Message History

Sonja hits you with a +2 dagger of distortion!
Space warps around you.
Sonja hits you with a +2 dagger of distortion.
Space warps around you.
Sonja hits you with a +2 dagger of distortion.
A red film seems to cover your vision as you go berserk!
You feel yourself moving faster!
You feel mighty!
You feel sick.
Sonja drinks a potion.
Sonja seems to speed up.
Sonja hits you with a +2 dagger of distortion.
Space warps horribly around you!
Sonja hits you with a +2 dagger of distortion.
Space warps horribly around you! Sonja hits you but does no damage.
You barely miss Sonja. Your headbutt misses Sonja.
You feel sick.
Sonja plants her feet in a plie.
Sonja barely misses you. Sonja hits you but does no damage.
Space warps around you. Sonja barely misses you.
Sonja hits you with a +2 dagger of distortion.
Space warps horribly around you!! Sonja barely misses you. x3
Sonja hits you but does no damage. Space warps horribly around you.
Sonja hits you with a +2 dagger of distortion.
You closely miss Sonja. Your headbutt misses Sonja.
You feel sick.
Sonja hits you with a +2 dagger of distortion.
* * * LOW HITPOINT WARNING * * *
Space warps horribly around you!
* * * LOW HITPOINT WARNING * * *
Sonja hits you but does no damage. Sonja barely misses you.
Sonja hits you with a +2 dagger of distortion.
* * * LOW HITPOINT WARNING * * *
Sonja hits you but does no damage. Space warps horribly around you.
* * * LOW HITPOINT WARNING * * *
Sonja hits you but does no damage. Space warps around you.
* * * LOW HITPOINT WARNING * * *
Sonja hits you but does no damage. Space warps around you.
* * * LOW HITPOINT WARNING * * *
Sonja misses you. Sonja closely misses you.
You slash Sonja! You burn Sonja.
Sonja is severely wounded.
You feel sick. Sonja closely misses you. Sonja barely misses you.
Sonja hits you but does no damage. Space warps horribly around you!
You die...

##########################
#<.#..').#.)'..#__#..'...#
#..').#..'..#..'..'..#)..#
#..#####'#####'#__####...+
#..####..#...#.####[.#####
#..#__####..##.#§§§.§#§.#
#..#_____##'#_.§≈§))§§§.#
#⌠⌠#_.∩...'.K._#§§≈§§#..#
####_..__##_@#'##§#####§###
#_____###'#.#[..:###.§§#
####### #.####'###.###.#
$.$+.....')∩##.#
#$.$###########.#
##.###.......##.# #+#
#......§§'.# #+++######§#
#.†....§§#§#


You could see Sonja (fast).

Vanquished Creatures
  2 centaur warriors (D)
  A deep troll (D)
  An oklob plant (D)
  2 kobold demonologists (D)
  2 unseen horrors (D)
  A hornet (D)
  A slime creature (D)
  Sigmund (D)
  A yak (D)
  2 redbacks (D)
  2 floating eyes (D)
  7 necrophages (D)
  An ogre (D)
  8 jellies (D)
  Ijyb (D)
33 creatures vanquished.

Notes
Turn   | Place    | Note
-------+----------+-------------------------------------------
     0 | D        | boopmooplesden the Minotaur Berserker began the quest for
                  | the Orb.
     0 | D        | Reached XP level 1. HP: 19/19 MP: 0/0
     1 | D        | Noticed Ijyb
     9 | D        | Killed Ijyb
    10 | D        | Reached skill level 5 in Fighting
    10 | D        | Reached skill level 5 in Long Blades
    10 | D        | Reached XP level 2. HP: 13/29 MP: 1/1
   361 | D        | Noticed an ogre
   363 | D        | Killed an ogre
   364 | D        | Reached skill level 8 in Long Blades
   364 | D        | Reached XP level 3. HP: 39/39 MP: 2/2
   364 | D        | Reached XP level 4. HP: 47/47 MP: 3/3
   585 | D        | Noticed Sigmund
   592 | D        | Killed Sigmund
   592 | D        | Reached ** piety under Trog
   593 | D        | Reached skill level 10 in Long Blades
   593 | D        | Reached skill level 5 in Armour
   593 | D        | Reached XP level 5. HP: 54/57 MP: 4/4
   801 | D        | Found a burning altar of Makhleb.
   801 | D        | Found a viscous altar of Jiyva.
   801 | D        | Found a shimmering altar of Xom.
   801 | D        | Found a corrupted altar of Lugonu.
   801 | D        | Noticed a slime creature
   806 | D        | HP: 2/57 [slime creature (15)]
   812 | D        | Killed a slime creature
   813 | D        | Reached skill level 10 in Fighting
   813 | D        | Reached skill level 11 in Long Blades
   813 | D        | Reached skill level 5 in Dodging
   813 | D        | Reached XP level 6. HP: 22/67 MP: 5/5
  1245 | D        | Noticed a kobold demonologist
  1245 | D        | Noticed a floating eye
  1246 | D        | Noticed a kobold demonologist
  1248 | D        | Noticed a ynoxinul
  1248 | D        | Paralysed by a floating eye for 4 turns
  1251 | D        | Noticed an ice devil
  1254 | D        | Killed a floating eye
  1255 | D        | Reached skill level 12 in Long Blades
  1255 | D        | Reached XP level 7. HP: 52/74 MP: 6/6
  1259 | D        | Killed a kobold demonologist
  1260 | D        | Reached skill level 13 in Long Blades
  1265 | D        | Killed a kobold demonologist
  1265 | D        | Reached *** piety under Trog
  1266 | D        | Reached skill level 14 in Long Blades
  1266 | D        | Reached XP level 8. HP: 17/85 MP: 7/7
  1499 | D        | Found an ornate altar of the Wu Jian Council.
  1499 | D        | Found a shimmering blue altar of Sif Muna.
  1501 | D        | Found a radiant altar of Vehumet.
  1537 | D        | Found Udasamuo's Distillery.
  1537 | D        | Found an ancient bone altar of Kikubaaqudgha.
  1537 | D        | Found a hazy altar of Hepliaklqana.
  1537 | D        | Found a hide-covered altar of Uskayaw.
  1537 | D        | Found a basalt altar of Yredelemnul.
  1537 | D        | Found an opulent altar of Gozag.
  1537 | D        | Found a snail-covered altar of Cheibriados.
  1537 | D        | Found a sacrificial altar of Ru.
  1537 | D        | Found a shadowy altar of Dithmenos.
  1548 | D        | Found a stormy altar of Qazlal.
  1548 | D        | Found a blossoming altar of Fedhas.
  1548 | D        | Found a bloodstained altar of Trog.
  1548 | D        | Found an iron altar of Okawaru.
  1548 | D        | Found a glowing golden altar of the Shining One.
  1548 | D        | Found a glowing silver altar of Zin.
  1548 | D        | Found a white marble altar of Elyvilon.
  1549 | D        | Found a sparkling altar of Nemelex Xobeh.
  1590 | D        | Noticed a centaur warrior
  1591 | D        | Noticed a centaur warrior
  1601 | D        | Killed a centaur warrior
  1602 | D        | Reached skill level 15 in Long Blades
  1608 | D        | Killed a centaur warrior
  1608 | D        | Reached **** piety under Trog
  1609 | D        | Reached skill level 16 in Long Blades
  1609 | D        | Reached XP level 9. HP: 94/95 MP: 8/8
  1730 | D        | Noticed a deep troll
  1736 | D        | Killed a deep troll
  1748 | D        | Found Xuonozu's Armour Emporium.
  1888 | D        | Paralysed by a hornet for 1 turns
  2037 | D        | Noticed an oklob plant
  2045 | D        | Killed an oklob plant
  2046 | D        | Reached skill level 17 in Long Blades
  2057 | D        | Reached ***** piety under Trog
  2058 | D        | Reached skill level 15 in Fighting
  2321 | D        | Noticed an unseen horror
  2321 | D        | Noticed an unseen horror
  2328 | D        | Killed an unseen horror
  2329 | D        | Reached XP level 10. HP: 105/105 MP: 9/9
  2376 | D        | Reached skill level 1 in Stealth
  2380 | D        | Received a gift from Trog
  2385 | D        | Reached skill level 15 in Armour
  2699 | D        | Reached ****** piety under Trog
  2703 | D        | Received a gift from Trog
  2704 | D        | Reached skill level 1 in Staves
  2747 | D        | Found Yrafit's Antique Armour Shoppe.
  2747 | D        | Found Siamac's General Store.
  2747 | D        | Found Qinagoam's Assorted Antiques.
  2749 | D        | Found Sufiddel's Armour Emporium.
  2749 | D        | Found Yliabi Qafim's Distillery.
  2749 | D        | Found Xiyfoaq's Magic Scroll Shoppe.
  2749 | D        | Found Kodonniz's Jewellery Boutique.
  2749 | D        | Found Gicer's General Store.
  2749 | D        | Found Amyu's Armour Shop.
  2749 | D        | Found Gaoviraw's Armour Shoppe.
  2753 | D        | Found Weefyppi's Armour Boutique.
  2754 | D        | Found Wanuv's Distillery.
  2754 | D        | Found Qumank's Magic Scroll Boutique.
  2755 | D        | Found Viuliz's Armour Emporium.
  2793 | D        | Noticed Sonja
  2799 | D        | Slain by Sonja

Illustrated notes

Levels and vault maps discovered:
D:        dungeon_sprint_1 [red_sonja_temple_1, red_sonja_temple_small_1]

Skill      XL: |  1  2  3  4  5  6  7  8  9 10 |
---------------+-------------------------------+-----
Fighting       | 5 7 9 10 11 12 14 15 | 15.9
Long Blades    | 5 8 10 11 12 14 16 17 | 17.8
Armour         | 3 4 5 6 7 9 12 14 15 | 15.4
Dodging        | 3 4 5 6 7 8 |  8.2
Stealth        | 1 |  1.2
Staves         | 1 |  1.8

Action                   |  1- 3 |  4- 6 |  7- 9 | 10-12 || total
-------------------------+-------+-------+-------+-------++-------
Melee: Falchion          |     8 |    15 |    67 |    26 ||   116
       Headbutt          |     3 |     3 |    17 |    10 ||    33
       Punch             |       |       |     2 |     1 ||     3
       Lajatang          |       |       |       |    13 ||    13
Invok: Berserk           |     2 |     3 |     5 |     1 ||    11
  Use: Potion            |       |     1 |     1 |       ||     2
Armor: Chain mail        |       |     8 |    40 |    22 ||    70
Dodge: Dodged            |     4 |     1 |    34 |    37 ||    76
